 Dungeon Crawl Stone Soup version 0.31.0-7-gf635a9b802 (webtiles) character file.

Game seed: 3277933345381930380

219 BeingJoeMalik the Conjurer (level 5, 0/35 HPs)
             Began as a Mummy Hedge Wizard on Jan 24, 2024.
             Was a Follower of Okawaru.
             Slain by an iguana (9 damage)
             ... on level 3 of the Dungeon.
             The game lasted 00:07:31 (3094 turns).

BeingJoeMalik the Conjurer (Mummy Hedge Wizard)     Turns: 3094, Time: 00:07:31

Health: 0/35       AC:  7    Str: 13    XL:     5   Next: 64%
Magic:  0/11       EV: 12    Int: 16    God:    Okawaru [*.....]
Gold:   178        SH:  0    Dex: 11    Spells: 6/12 levels left

rFire   x . .        o - +2 short sword (flame)
rCold   + . .        (no shield)
rNeg    + + +        b - +0 robe
rPois   ∞            c - +0 hat
rElec   .            (no cloak)
rCorr   .            (no gloves)
SInv    .            h - +0 pair of boots
Will    .....        (no amulet)
Stlth   ++           d - +4 ring of protection
HPRegen 0.25/turn    (no ring)
MPRegen 0.12/turn

%: faith
@: no status effects
A: cold resistance 1, negative energy resistance 3, torment resistance 2, heat
vulnerability 1, in touch with death 1, no potions, faith
a: Renounce Religion, Heroism


You were on level 3 of the Dungeon.
You worshipped Okawaru.
Okawaru was aware of your devotion.
You visited 1 branch of the dungeon, and saw 4 of its levels.

You collected 178 gold pieces.

Inventory:

Hand Weapons
 a - a +0 dagger
 o - a +2 short sword of flaming (weapon)
Missiles
 e - 6 javelins
 l - 5 curare-tipped darts (quivered)
Armour
 b - a +0 robe (worn)
 c - a +0 hat (worn)
 h - a +0 pair of boots (worn)
Jewellery
 d - a +4 ring of protection (left hand)
 q - a ring of protection from fire
Scrolls
 g - 3 scrolls of identify
 i - a scroll of enchant armour
 k - a scroll of teleportation
 m - a scroll of immolation
 p - 2 scrolls of enchant weapon {unknown}
 r - a scroll of blinking {unknown}


   Skills:
 - Level 1.5 Dodging
 - Level 1.5 Stealth
 - Level 4.0 Spellcasting
 + Level 4.7 Conjurations
 - Level 0.7 Summonings
 - Level 0.7 Translocations


You had 6 spell levels left.
You knew the following spells:

 Your Spells              Type           Power      Damage    Failure   Level
a - Magic Dart            Conj           72%        1d6       2%          1
b - Call Imp              Summ           10%        N/A       19%         2
c - Mephitic Cloud        Conj/Alch/Air  8%         N/A       26%         3

Your spell library contained the following spells:

 Spells                   Type           Power      Damage    Failure   Level
 Slow                     Hex            12%        N/A       17%         1
 Blink                    Tloc           10%        N/A       19%         2
 Cigotuvi's Dreadful Rot  Necr/Alch/Air  8%         N/A       26%         2


Dungeon Overview and Level Annotations

Branches:
Dungeon (4/15)
 Temple: D:4-7

Altars:
Dithmenos
Okawaru
Uskayaw


Innate Abilities, Weirdness & Mutations

You are immune to poison.
Your flesh is cold resistant. (rC+)
You are immune to negative energy. (rN+++)
You are immune to unholy pain and torment.
You are vulnerable to heat. (rF-)
You are in touch with the powers of death.
You do not drink.
You have a special connection with the divine. (Faith)


Message History

The iguana bites you. The goblin hits you but does no damage.
Unknown command.
Casting: Magic Dart (safe; 2% risk of failure)
Confirm with . or Enter, or press ? or * to list all spells.
Aiming: Magic Dart (safe; 2% risk of failure)
Press: ? - help, Shift-Dir - straight line, f/p - iguana
Aim: an iguana (moderately wounded, 100% to hit)
The magic dart hits the iguana but does no damage.
The iguana is moderately wounded.
The iguana bites you! The goblin hits you but does no damage.
Unknown command.
Casting: Magic Dart (safe; 2% risk of failure)
Confirm with . or Enter, or press ? or * to list all spells.
Aiming: Magic Dart (safe; 2% risk of failure)
Press: ? - help, Shift-Dir - straight line, f/p - iguana
Aim: an iguana (moderately wounded, 100% to hit)
The magic dart hits the iguana.
The iguana is heavily wounded.
The iguana bites you.
* * * LOW HITPOINT WARNING * * *
The goblin hits you but does no damage.
Casting: Magic Dart (safe; 2% risk of failure)
Confirm with . or Enter, or press ? or * to list all spells.
Aiming: Magic Dart (safe; 2% risk of failure)
Press: ? - help, Shift-Dir - straight line, f/p - iguana
Aim: an iguana (heavily wounded, 100% to hit)
The magic dart hits the iguana.
The iguana is heavily wounded.
The iguana bites you.
* * * LOW HITPOINT WARNING * * *
The goblin barely misses you.
Casting: Magic Dart (safe; 2% risk of failure)
Confirm with . or Enter, or press ? or * to list all spells.
You don't have enough magic to cast this spell.
Unknown command.
Unknown command.
You closely miss the iguana.
The iguana is heavily wounded.
The iguana bites you!
You die...

#.###........#≈.≈##.##....# #.#
###...####≈.≈#...#....# #.#
###.## #...###......#### #.# #..#
#._.###.........# #.# ##.#
#≈.≈#...#######.# .)###
#.#######.#.#.....#.# ....##
#...###.##..#.....#.#### #..).#
#......l....#.._..)....#
#)#..#####......@g...#.....#....#
#.#...............)..#.....#....#
#.#....###.......<...#######.##.#
..#....###...................##.#
.......##..................####..
..#....##............#####..####.
..#..................# ##......
........).<..........# #######
.....................# #


You could see an iguana and a goblin.

Vanquished Creatures
  Natasha (twice) (D:2)
  6 gnolls
  4 dart slugs
  2 orcs
  3 ball pythons
  4 bats
  5 endoplasms
  9 goblins
  4 hobgoblins
  3 jackals
  3 kobolds
  2 quokkas
  3 frilled lizards
  5 rats
55 creatures vanquished.

Vanquished Creatures (collateral kills)
  Natasha (D:2)
  2 gnolls (D:2)
3 creatures vanquished.

Grand Total: 58 creatures vanquished

Notes
Turn   | Place    | Note
-------+----------+-------------------------------------------
     0 | D:1      | BeingJoeMalik the Mummy Hedge Wizard began the quest for
                  | the Orb.
     0 | D:1      | Reached XP level 1. HP: 13/13 MP: 5/5
    64 | D:1      | Reached skill level 1 in Conjurations
   353 | D:1      | Reached XP level 2. HP: 19/19 MP: 1/7
   421 | D:1      | Learned a level 2 spell: Call Imp
  1380 | D:2      | Noticed Natasha
  1389 | D:2      | Reached XP level 3. HP: 20/24 MP: 1/8
  1397 | D:2      | Killed Natasha
  1511 | D:2      | Noticed Natasha
  1516 | D:2      | Killed Natasha
  1517 | D:2      | Reached XP level 4. HP: 30/30 MP: 6/10
  1805 | D:2      | Noticed Natasha
  1812 | D:2      | Killed Natasha
  1813 | D:2      | Reached XP level 5. HP: 33/35 MP: 2/11
  1909 | D:2      | Found a faded altar of an unknown god.
  1909 | D:2      | Noticed an orange demon
  2060 | D:2      | Prayed at the altar of an unknown god.
  2060 | D:2      | Became a worshipper of Warmaster Okawaru
  2060 | D:2      | Reached * piety under Okawaru
  2095 | D:3      | Found a hide-covered altar of Uskayaw.
  2800 | D:3      | Learned a level 3 spell: Mephitic Cloud
  3005 | D:4      | Found a shadowy altar of Dithmenos.
  3094 | D:3      | Slain by an iguana

Illustrated notes

Levels and vault maps discovered:
D:1:      dpeg_arrival_tiny_k, layout_loops_ring
D:2:      layout_rooms, dreamdust_ecumenical_altar_sealed_demon, uniq_natasha
D:3:      layout_rooms, amcnicky_altar_gilded, pf_just_have_faith,
          nicolae_twisty_statue_hallways
D:4:      layout_loops_ring, tso_metal_star, grunt_dithmenos_smoke_and_mirrors,
          serial_rivers, chequers_serial_rivers_micro_d,
          chequers_serial_rivers_room_b, chequers_serial_rivers_micro_c,
          chequers_serial_rivers_micro_a

Skill      XL: |  1  2  3  4 |
---------------+-------------+-----
Conjurations   | 1 2 3 4 |  4.7
Dodging        | |  1.5
Stealth        | |  1.5
Spellcasting   | |  4.0
Summonings     | |  0.7
Translocations | |  0.7

Action                     |  1- 3 |  4- 6 || total
---------------------------+-------+-------++-------
  Melee: Dagger            |    10 |    14 ||    24
         Short sword       |       |     1 ||     1
  Throw: Dart              |     4 |     1 ||     5
   Cast: Magic Dart        |    62 |   103 ||   165
         Call Imp          |       |     2 ||     2
    Use: Scroll            |       |     6 ||     6
 Armour: Robe              |    19 |    47 ||    66
  Dodge: Dodged            |    27 |    60 ||    87
